 Seeded DCSS version 0.30.1 (webtiles) character file.

Game seed: 6351066067085065685 (custom seed)

9 Esekla the Grave Robber (level 2, -1/15 HPs)
             Began as a Deep Elf Necromancer on July 5, 2023.
             Frozen to death by an endoplasm (4 damage)
             ... on level 1 of the Dungeon.
             The game lasted 00:01:37 (209 turns).

Esekla the Grave Robber (Deep Elf Necromancer)       Turns: 209, Time: 00:01:38

Health: -1/15      AC:  2    Str:  5    XL:     2   Next: 6%
Magic:  8/8        EV: 12    Int: 19    God:
Gold:   0          SH:  0    Dex: 15    Spells: 6/7 levels left

rFire   . . .        f - +1 dagger (drain)
rCold   . . .        (no shield)
rNeg    . . .        a - +0 robe
rPois   .            (no helmet)
rElec   .            (no cloak)
rCorr   .            (no gloves)
SInv    .            (no boots)
Will    .....        (no amulet)
Stlth   ++           (no ring)
HPRegen 0.22/turn    (no ring)
MPRegen 0.11/turn

%: no passive effects
@: no status effects
A: no striking features
a: no special abilities


You were on level 1 of the Dungeon.
You visited 1 branch of the dungeon, and saw 1 of its levels.

Inventory:

Hand Weapons
 f - a +1 dagger of draining (weapon)
Armour
 a - a +0 robe (worn)
Scrolls
 c - a scroll of identify {unknown}
 e - a scroll of fear {unknown}
Potions
 b - a potion of magic
 d - a potion of ambrosia {unknown}


   Skills:
 * Level 2.5 Dodging
 + Level 2.5 Stealth
 * Level 3.1 Spellcasting
 + Level 5.2 Necromancy


You had 6 spell levels left.
You knew the following spells:

 Your Spells              Type           Power      Damage    Failure   Level
a - Necrotise             Necr           88%        1d8       1%          1

Your spell library contained the following spells:

 Spells                   Type           Power      Damage    Failure   Level
 Vampiric Draining        Necr           22%        2d7       5%          3
 Animate Dead             Necr           22%        N/A       17%         4
 Agony                    Necr           22%        N/A       43%         5


Dungeon Overview and Level Annotations

Branches:
Dungeon (1/15)

Altars:


Message History

You hit the bat. You drain the bat.
You kill the bat!
The ball python barely misses you. The ball python closely misses you.
You closely miss the ball python. The ball python closely misses you.
The ball python barely misses you.
You hit the ball python.
You kill the ball python!
The ball python closely misses you. The ball python completely misses you.
You have reached level 2!
You barely miss the ball python. The ball python bites you.
The ball python closely misses you.
You hit the ball python.
The ball python is moderately wounded.
The ball python bites you. The ball python barely misses you.
You hit the ball python.
The ball python is heavily wounded.
The ball python closely misses you. The ball python completely misses you.
You barely miss the ball python.
The ball python is heavily wounded.
The ball python bites you. The ball python closely misses you.
You hit the ball python.
You kill the ball python!
You barely miss the endoplasm. The endoplasm hits you.
You hit the endoplasm.
The endoplasm is moderately wounded.
The endoplasm closely misses you.
You hit the endoplasm but do no damage.
The endoplasm is moderately wounded.
The endoplasm freezes you.
You are frozen.
You hit the endoplasm.
The endoplasm is heavily wounded.
The endoplasm freezes you.
You are frozen.
* * * LOW HITPOINT WARNING * * *
You hit the endoplasm.
The endoplasm is severely wounded.
The endoplasm freezes you.
You are frozen.
You die...

#.####..# #.# #.#
##.## #.#
#.#####..###.#
#.....##...#.#
###'######...#
#≈≈~≈≈#####..####
#≈~≈~≈#.........#
#~≈~≈~#.........#
#≈~≈~≈#.@.......#
####+###J####.####
#.......g# #.####
#......### #....#
#.....##..########..#
......#............##
........#.##########
#.###......# .
#.#.....#


You could see an endoplasm and a goblin.

Vanquished Creatures
  3 ball pythons (D:1)
  A bat (D:1)
  A goblin (D:1)
  A frilled lizard (D:1)
  2 kobolds (D:1)
8 creatures vanquished.

Notes
Turn   | Place    | Note
-------+----------+-------------------------------------------
     0 | D:1      | Esekla the Deep Elf Necromancer began the quest for the
                  | Orb.
     0 | D:1      | Reached XP level 1. HP: 10/10 MP: 6/6
   129 | D:1      | Reached skill level 5 in Necromancy
   200 | D:1      | Reached XP level 2. HP: 11/15 MP: 8/8
   209 | D:1      | Frozen to death by an endoplasm

Illustrated notes

Levels and vault maps discovered:
D:1:      sevenhm_arrival_forest_fort_small_3, layout_rooms,
          chequers_serial_rivers_room_b, minmay_misc_feat_five

Skill      XL: |  1 |
---------------+----+-----
Necromancy     | 5 |  5.2
Dodging        | |  2.5
Stealth        | |  2.5
Spellcasting   | |  3.1

Action                     || total
---------------------------++-------
  Melee: Dagger            ||    21
         Short sword       ||     9
         Unarmed           ||     9
   Stab: Sleeping          ||     1
 Armour: Robe              ||     7
  Dodge: Dodged            ||    32
